 Dungeon Crawl Stone Soup version 0.31-a0-543-geaa9c7a2c0 (webtiles) character file.

Game seed: 16075895383948653538

1964 Essalna the Fighter (level 9, -29/70 HPs)
             Began as a Djinni Conjurer on Aug 15, 2023.
             Was an Initiate of Ru.
             Annihilated by a boulder beetle (48 damage)
             ... on level 6 of the Dungeon.
             The game lasted 00:13:43 (6032 turns).

Essalna the Fighter (Djinni Conjurer)               Turns: 6032, Time: 00:13:44

Health: -29/70     AC:  3    Str:  6    XL:     9   Next: 42%
Gold:   184        EV: 12    Int: 24    God:    Ru [......] SH:  5 Dex: 12

rFire   + + +        m - +2 short sword (venom)
rCold   . . .        (no shield)
rNeg    . . .        v - +0 robe {rF+}
rPois   ∞            k - +0 helmet
rElec   .            (no cloak)
rCorr   .            (no gloves)
SInv    .            (boots unavailable)
Will    .....        c - amulet of reflection
Stlth   ++           u - ring of protection from cold
HPRegen 0.31/turn    (no ring)
MPRegen 0.00/turn

%: reflection, infuse magic (-30 HP)
@: flying
A: sickness immunity, fire resistance 2, cold vulnerability 1, float, innate
caster, HP casting, extra vitality 1
a: Renounce Religion


You were on level 6 of the Dungeon.
You worshipped Ru.
Ru was noncommittal.
You visited 2 branches of the dungeon, and saw 8 of its levels.

You collected 184 gold pieces.

Inventory:

Hand Weapons
 d - a +2 short sword of electrocution
 m - a +2 short sword of venom (weapon)
Armour
 a - a +0 robe
 k - a +0 helmet (worn)
 v - a +0 robe of fire resistance (worn)
Magical Staves
 g - a staff of earth
 w - a staff of cold
Jewellery
 c - an amulet of reflection (around neck)
 n - an amulet of faith
 u - a ring of protection from cold (left hand)
Talismans
 t - a dragon-blood talisman
Wands
 p - a wand of mindburst (11)
Scrolls
 b - 4 scrolls of teleportation
 h - 2 scrolls of fog {unknown}
 i - 3 scrolls of identify
 l - a scroll of revelation {unknown}
 q - 2 scrolls of immolation {unknown}
 r - a scroll of summoning {unknown}
Potions
 e - 3 potions of heal wounds
 f - a potion of berserk rage {unknown}
 j - 2 potions of haste {unknown}
 o - 4 potions of degeneration {unknown}
 s - a potion of ambrosia {unknown}


   Skills:
 + Level 8.2 Fighting
 - Level 2.1 Dodging
 - Level 1.5 Stealth
 + Level 7.1 Spellcasting
 + Level 7.1 Conjurations
 + Level 7.1 Hexes
   Level 0.0 Charms
 + Level 7.1 Summonings
 + Level 7.1 Necromancy
 + Level 7.1 Translocations
 + Level 7.1 Transmutations
 + Level 7.1 Fire Magic
 + Level 7.1 Ice Magic
 + Level 7.1 Air Magic
 + Level 7.1 Earth Magic
 + Level 7.1 Poison Magic


You knew the following spells:

 Your Spells              Type           Power      Damage    Failure   Level
a - Magic Dart            Conj           100%       1d8       1%          1
b - Searing Ray           Conj           84%        2d7       1%          2
c - Dazzling Flash        Conj/Hex       84%        N/A       1%          3
d - Fulminant Prism       Conj/Hex       21%        3d12      3%          4
e - Iskenderun's Mystic   Conj/Tloc      42%        2d10      3%          4
f - Kiss of Death         Conj/Necr      100%       2d13      1%          1
g - Scorch                Fire           84%        2d8       1%          2
h - Wereblood             Tmut           42%        N/A       1%          2
i - Anguish               Hex/Necr       21%        N/A       3%          4
Your spell library was empty.

Dungeon Overview and Level Annotations

Branches:
Dungeon (7/15)             Temple (1/1) D:6

Altars:
Dithmenos
Fedhas
Hepliaklqana
Nemelex Xobeh
Okawaru
Ru
Xom
Yredelemnul


Innate Abilities, Weirdness & Mutations

You are immune to sickness and miasma.
You are immune to poison.
Your flesh is very heat resistant. (rF++)
You are vulnerable to cold. (rC-)
You float through the air rather than walking.
You learn spells naturally, not from books.
Your magical power is your life essence.
You have superior vitality. (+4 MHP)


Message History

You kill the hound!
An ogre comes into view. It is wielding a +0 giant spiked club.
An orc comes into view. It is wielding a +0 dagger.
You finish channelling your searing ray.
Casting: Searing Ray (safe; 1% risk of failure)
Confirm with . or Enter, or press ? or * to list all spells.
Aiming: Searing Ray (safe; 1% risk of failure)
Press: ? - help, Shift-Dir - straight line, f - ogre
Aim: an ogre, wielding a +0 giant spiked club (91% to hit)
The searing ray hits the ogre!
The ogre is moderately wounded.
The searing ray hits the orc.
The orc is almost dead. (Press . to maintain the ray.)
A jelly comes into view.
The searing ray hits the ogre!
The ogre is severely wounded.
The searing ray hits the orc!
You kill the orc!
The ogre barely misses you.
The searing ray hits the ogre.
The ogre is almost dead.
The searing ray hits the jelly!
The jelly is heavily wounded.
The ogre hits you with a +0 giant spiked club!!
* * * LOW HITPOINT WARNING * * *
The searing ray hits the ogre!
You kill the ogre!
The searing ray hits the jelly!
You kill the jelly!
* * * LOW HITPOINT WARNING * * *
You finish channelling your searing ray.
A black bear is nearby!
A black bear is nearby!
The boulder beetle curls into a ball and begins rolling!
You see here a +0 club.
You see here a +0 club.
The boulder beetle hits you!!!
Ouch! That really hurt!
You die...

#.........###########
#.....####...........
.....§§§.....>#
#.#.(~§~~..##.#
#.#(~~§§~§###†#
#(#~§§>°§§.##B#
#.#~§§°§~§..#.# ##
#.<.~B§)~...#h# #..
###.@)§~....#.# #...
#####.h..##.###....
###............
####.=##.###....
#........# #...
#h##..#### #..
#.##..###### #.
#.)))......# .
####..####.#


You could see a boulder beetle (rolling) and a black bear.

Vanquished Creatures
  3 vampire mosquitoes (D:5)
  A water moccasin (D:6)
  2 orc warriors (D:6)
  A black bear (D:6)
  An ogre (D:6)
  A phantom (D:3)
  A gnoll sergeant (D:6)
  3 scorpions
  A howler monkey (D:5)
  2 hounds
  3 orc priests
  2 jellies
  3 sleepcaps
  An iguana (D:5)
  2 orc wizards (D:6)
  Robin (D:3)
  8 gnolls
  11 adders
  A white imp (D:5)
  3 dart slugs
  36 orcs
  4 ball pythons
  4 endoplasms
  3 giant cockroaches (D:1)
  17 goblins
  10 hobgoblins
  10 kobolds
  4 quokkas
  5 bats
  6 frilled lizards
  6 rats
156 creatures vanquished.

Vanquished Creatures (others)
  A kobold brigand (D:6)
  A fulminant prism (D:6)
2 creatures vanquished.

Grand Total: 158 creatures vanquished

Notes
Turn   | Place    | Note
-------+----------+-------------------------------------------
     0 | D:1      | Essalna the Djinni Conjurer began the quest for the Orb.
     0 | D:1      | Essalna set off with the following spells memorised: Magic
                  | Dart, Searing Ray, Dazzling Flash, Fulminant Prism,
                  | Iskenderun's Mystic Blast.
     0 | D:1      | Reached XP level 1. HP: 15/15 MP: 0/0
   254 | D:1      | Reached XP level 2. HP: 21/22 MP: 0/0
   289 | D:1      | Reached skill level 1 in Fighting
   440 | D:1      | Reached XP level 3. HP: 22/28 MP: 0/0
   440 | D:1      | Learned a level 1 spell: Kiss of Death
   709 | D:1      | Reached skill level 2 in Fighting
  1063 | D:1      | Reached XP level 4. HP: 33/33 MP: 0/0
  2040 | D:3      | Noticed a phantom
  2111 | D:3      | Reached XP level 5. HP: 39/39 MP: 0/0
  2111 | D:3      | Learned a level 2 spell: Scorch
  2138 | D:3      | Reached skill level 3 in Fighting
  2208 | D:3      | Killed a phantom
  2209 | D:3      | Reached XP level 6. HP: 31/46 MP: 0/0
  2484 | D:3      | Reached skill level 4 in Fighting
  2544 | D:3      | Found a hazy altar of Hepliaklqana.
  2628 | D:3      | Noticed Robin
  2801 | D:3      | Found a faded altar of an unknown god.
  2861 | D:3      | Killed Robin
  3109 | D:4      | Found a shimmering altar of Xom.
  3187 | D:4      | Reached XP level 7. HP: 50/53 MP: 0/0
  3187 | D:4      | Learned a level 2 spell: Wereblood
  3669 | D:4      | Reached skill level 5 in Spellcasting
  3669 | D:4      | Reached skill level 5 in Conjurations
  3669 | D:4      | Reached skill level 5 in Hexes
  3669 | D:4      | Reached skill level 5 in Summonings
  3669 | D:4      | Reached skill level 5 in Necromancy
  3669 | D:4      | Reached skill level 5 in Translocations
  3669 | D:4      | Reached skill level 5 in Transmutations
  3669 | D:4      | Reached skill level 5 in Fire Magic
  3669 | D:4      | Reached skill level 5 in Ice Magic
  3669 | D:4      | Reached skill level 5 in Air Magic
  3669 | D:4      | Reached skill level 5 in Earth Magic
  3669 | D:4      | Reached skill level 5 in Poison Magic
  3989 | D:5      | Entered Level 5 of the Dungeon
  4380 | D:5      | Reached skill level 5 in Fighting
  4970 | D:5      | Reached XP level 8. HP: 52/60 MP: 0/0
  5021 | D:5      | Reached skill level 6 in Fighting
  5328 | D:6      | Found a staircase to the Ecumenical Temple.
  5457 | D:6      | Reached skill level 7 in Fighting
  5485 | Temple   | Entered the Ecumenical Temple
  5511 | D:6      | Reached XP level 9. HP: 62/68 MP: 0/0
  5511 | D:6      | Learned a level 4 spell: Anguish
  5760 | D:6      | Noticed a boulder beetle
  5956 | D:7      | Found a sacrificial altar of Ru.
  5988 | D:7      | Became a worshipper of Ru the Awakened
  6011 | D:6      | Reached skill level 8 in Fighting
  6032 | D:6      | Annihilated by a boulder beetle

Illustrated notes

Levels and vault maps discovered:
D:1:      lightli_arrival_statue_moat, layout_loops_ring, minmay_tiny_reverse_x
D:2:      layout_basic, lightli_corner_chamber
D:3:      layout_rooms, worldfamousw_hep_ancestral_shrine,
          shapermc_ecumenical_altar_totnotflames, minmay_liquid_box, uniq_robin
D:4:      layout_loops_ring, mainiacjoe_overflow_small_starburst
D:5:      wad_river_or_something, layout_cave_pods, lemuel_blue_sif_altar
D:6:      layout_loops_ring, grunt_qazlal_sundering, makhleb_altar_promises_db,
          minmay_temple_entry_mist, kennysheep_generic_room_13
D:7:      layout_basic, lemuel_doored_altar, elyvilon_altar_4,
          nicolae_ru_path_of_blood, old_standard_altar, serial_shops,
          shop_fountains
Temple:   hellmonk_temple_flake

Skill      XL: |  1  2  3  4  5  6  7  8  9 |
---------------+----------------------------+-----
Fighting       | 1 2 3 4 5 7 8 |  8.2
Spellcasting   | 4 5 6 7 |  7.1
Conjurations   | 4 5 6 7 |  7.1
Hexes          | 4 5 6 7 |  7.1
Summonings     | 4 5 6 7 |  7.1
Necromancy     | 4 5 6 7 |  7.1
Translocations | 4 5 6 7 |  7.1
Transmutations | 4 5 6 7 |  7.1
Fire Magic     | 4 5 6 7 |  7.1
Ice Magic      | 4 5 6 7 |  7.1
Air Magic      | 4 5 6 7 |  7.1
Earth Magic    | 4 5 6 7 |  7.1
Poison Magic   | 4 5 6 7 |  7.1
Dodging        | |  2.1
Stealth        | |  1.5

Action                     |  1- 3 |  4- 6 |  7- 9 || total
---------------------------+-------+-------+-------++-------
  Melee: Short sword       |    17 |    32 |    29 ||    78
   Cast: Magic Dart        |    59 |    94 |   103 ||   256
         Searing Ray       |     3 |     6 |    13 ||    22
         Scorch            |       |       |     6 ||     6
         Iskenderun's Myst |       |       |    15 ||    15
         Dazzling Flash    |       |       |     1 ||     1
         Fulminant Prism   |       |       |     1 ||     1
         Anguish           |       |       |     3 ||     3
    Use: Scroll            |     5 |       |       ||     5
 Armour: Robe              |     3 |    12 |    11 ||    26
  Dodge: Dodged            |    27 |    39 |    29 ||    95
  Block: Other             |       |       |    11 ||    11
         Reflection        |       |       |     2 ||     2

Table legend: (Time is in decaauts)
 A = Elapsed time spent in this place.
 B = Non-inter-level travel time spent in this place.
 C = Inter-level travel time spent in this place.
 D = Time resting spent in this place.
 E = Time spent auto-exploring this place.
 F = Levels seen in this place.
 G = Mean time per level.
                   A        B        C        D        E       F      G
               +--------+--------+--------+--------+--------+-----+--------+
         Total |   6031 |   5791 |    240 |    353 |   4631 |   8 |  753.9 |
       Dungeon |   6011 |   5787 |    224 |    353 |   4631 |   7 |  858.7 |
        Temple |     19 |      3 |     16 |      0 |      0 |   1 |   19.0 |
               +--------+--------+--------+--------+--------+-----+--------+

Top non-repeatable levels by time:
     D:5: 1450 daAuts
     D:1: 1073 daAuts
     D:2: 1047 daAuts
     D:3: 988 daAuts
     D:4: 879 daAuts
     D:6: 335 daAuts
     D:7: 236 daAuts
  Temple: 19 daAuts
